 Dungeon Crawl Stone Soup version 0.14-a0-1036-g6cac21b (webtiles) character file.

1049 PolkaDot the Ruinous (level 7, 0/46 HPs)
             Began as a Vampire Conjurer on Nov 24, 2013.
             Was a Follower of Sif Muna.
             Succumbed to an adder's poison
             ... on Level 5 of the Dungeon.
             The game lasted 00:22:53 (5536 turns).

PolkaDot the Ruinous (Vampire Conjurer)             Turns: 5536, Time: 00:22:53

HP   0/46        AC  2     Str  7      XL: 7   Next: 60%
MP   4/11        EV 12     Int 19      God: Sif Muna [*.....]
Gold 245         SH  0     Dex 14      Spells:  3 memorised,  1 level left

Res.Fire  : . . .   See Invis. : +   h - +0 halberd (curse)
Res.Cold  : . . .   Warding    : .   a - +0 robe
Life Prot.: + . .   Conserve   : .   (no shield)
Res.Poison: .       Res.Corr.  : .   (no helmet)
Res.Elec. : .       Clarity    : .   (no cloak)
Sust.Abil.: . .     Spirit.Shd : .   (no gloves)
Res.Mut.  : .       Stasis     : .   (no boots)
Res.Rott. : .       Flight     : .   (no amulet)
Saprovore : . . .                    (no ring)
                                     (no ring)

@: quite poisoned, very slightly contaminated, slightly resistant to hostile
enchantments, stealthy
A: bottle blood, fangs 3, see invisible, unbreathing
a: Bat Form, Bottle Blood, Channel Energy, Renounce Religion


You were on level 5 of the Dungeon.
You worshipped Sif Muna.
Sif Muna was aware of your devotion.
You were not thirsty.

You visited 1 branch of the dungeon, and saw 5 of its levels.

You collected 245 gold pieces.

Inventory:

Hand weapons
 h - a cursed +0,+0 halberd (weapon)
 i - a +5,+2 elven dagger
 l - the +8,+7 glaive "Eviscerator" {chop, rC+ Int+3, unknown}
   (You found it on level 4 of the Dungeon)

   It inflicts extra damage upon your enemies.
   It affects your intelligence (+3).
   It protects you from cold.
Armour
 a - a +0 robe (worn)
Magical devices
 b - a wand of magic darts (10) {unknown}
Scrolls
 d - 3 scrolls of noise
 e - 3 scrolls of teleportation
 g - 6 scrolls of identify
 k - a scroll of enchant weapon II
Potions
 f - 2 potions of cure mutation
Books
 c - a book of Conjurations

   Spells                             Type                      Level
   *Magic Dart                        Conjuration                  1
   *Searing Ray                       Conjuration                  2
   Dazzling Spray                     Conjuration/Hexes            3
   *Iskenderun's Mystic Blast         Conjuration                  4
   Iskenderun's Battlesphere          Conjuration/Charms           4
   Fulminant Prism                    Conjuration/Hexes            5


   Skills:
 - Level 2.1 Dodging
 - Level 3.0 Stealth
 - Level 1.0 Spellcasting
 * Level 7.2 Conjurations


You had one spell level left.
You knew the following spells:

 Your Spells              Type           Power        Failure   Level  Hunger
a - Magic Dart            Conj           ####         1%          1    ##.....
d - Iskenderun's Mystic   Conj           ####....     12%         4    #####..
s - Searing Ray           Conj           ####..       1%          2    ###....


Dungeon Overview and Level Annotations

Branches:
Dungeon (5/16)
 Temple: D:4-7

Altars:
Cheibriados
Sif Muna
Yredelemnul
the Shining One

Shops:
D:5 [


Innate Abilities, Weirdness & Mutations

You can bottle blood from corpses.
You have razor-sharp teeth.*
You have supernaturally acute eyesight.
You can survive without breathing.*


Message History

You feel sick. The jackal completely misses you. The jackal bites you.
* * * LOW HITPOINT WARNING * * *
The adder closely misses you. The jackal bites you.
* * * LOW HITPOINT WARNING * * *
The jackal bites you.
* * * LOW HITPOINT WARNING * * *
The adder completely misses you.
The jackal bites you but does no damage.
Drink which item? (? for menu, Esc to quit)
You feel refreshed.
It was a potion of restore abilities.
The jackal closely misses you. The adder completely misses you.
The jackal bites you.
* * * LOW HITPOINT WARNING * * *
The jackal barely misses you.
You aren't carrying any corpses which you can drain.
Read which item? (? for menu, Esc to quit)
Blink to where?
Press: ? - help, Dir - move target cursor, p - adder
As you read the scroll of blinking, it crumbles to dust.
You die...

########................#
#................#
#................#
#.........%......#
#................#
###########................#
...........................#
........S...................#
.......ah§......@.....).....#
........h...................#
...........................#
...........................#
############################


You could see an adder and 2 jackals.

Vanquished Creatures
  The ghost of coier the Shield-Bearer, an average GrFi (D:4)
  An ogre (D:4)
  2 crimson imps
  An orc priest (D:4)
  A human zombie (D:4)
  A gnoll shaman (D:4)
  An iguana (D:5)
  An orc wizard (D:4)
  3 worker ants
  A scorpion (D:4)
  Ijyb (D:2)
  Terence (D:2)
  3 adders
  A human (D:4)
  6 gnolls (D:4)
  A giant mite (D:1)
  An adder skeleton (D:4)
  7 giant geckos
  9 orcs
  15 bats
  5 giant cockroaches
  11 hobgoblins
  12 jackals
  10 kobolds
  3 quokkas
  A ball python (D:5)
  4 giant newts
  8 goblins
  A goblin skeleton (D:4)
  A goblin zombie (D:4)
  10 rats
124 creatures vanquished.

Notes
Turn   | Place    | Note
--------------------------------------------------------------
     0 | D:1      | PolkaDot, the Vampire Conjurer, began the quest for the Orb.
     0 | D:1      | Reached XP level 1. HP: 13/13 MP: 4/4
   255 | D:1      | Reached XP level 2. HP: 14/19 MP: 1/5
   308 | D:1      | Learned a level 2 spell: Searing Ray
   795 | D:1      | Found a glowing golden altar of the Shining One.
   808 | D:1      | Reached XP level 3. HP: 11/24 MP: 1/6
  1288 | D:2      | Noticed Ijyb
  1301 | D:2      | Killed Ijyb
  1301 | D:2      | Reached skill level 4 in Conjurations
  1452 | D:2      | Reached XP level 4. HP: 28/30 MP: 0/8
  1996 | D:2      | Noticed Terence
  2674 | D:3      | Reached XP level 5. HP: 35/35 MP: 1/9
  2756 | D:3      | Found a snail-covered altar of Cheibriados.
  2951 | D:2      | Reached skill level 5 in Conjurations
  3028 | D:2      | Killed Terence
  3751 | D:4      | Noticed coier's ghost (average GrFi)
  3760 | D:5      | Entered Level 5 of the Dungeon
  3760 | D:5      | Found Iraumn's Antique Armour Shoppe.
  3818 | D:5      | Found a deep blue altar of Sif Muna.
  3853 | D:5      | Became a worshipper of Sif Muna the Loreminder
  3868 | D:5      | Reached XP level 6. HP: 14/41 MP: 1/10
  3992 | D:5      | Learned a level 4 spell: Iskenderun's Mystic Blast
  4012 | D:4      | Noticed an ogre
  4019 | D:4      | Killed an ogre
  4246 | D:4      | Killed coier's ghost
  4246 | D:4      | Reached skill level 6 in Conjurations
  4246 | D:4      | Reached XP level 7. HP: 46/46 MP: 5/11
  4392 | D:4      | Acquired Sif Muna's first power
  4785 | D:4      | Found a basalt altar of Yredelemnul.
  5186 | D:4      | Got a crystal glaive
  5220 | D:4      | Reached skill level 7 in Conjurations
  5534 | D:5      | HP: 2/46 [jackal (3)]
  5536 | D:5      | Succumbed to an adder's poison

Action                   |  1- 3 |  4- 6 |  7- 9 || total
-------------------------+-------+-------+-------++-------
Melee: Unarmed           |    39 |    15 |       ||    54
       Dagger            |       |    16 |     2 ||    18
       Halberd           |       |       |    58 ||    58
 Cast: Magic Dart        |    76 |    71 |    11 ||   158
       Searing Ray       |     1 |    18 |    12 ||    31
       Iskenderun's Myst |       |     5 |       ||     5
  Use: Potion            |     2 |     1 |     2 ||     5
       Scroll            |       |    13 |     2 ||    15
 Stab: Sleeping          |       |     1 |       ||     1
       Distracted        |       |       |     1 ||     1
